AoeStats
← ska_18

Nomad

506889514Analyzed
3v3 RM · 16d ago on Sep 15, 2026· 41m 37s· 6 players
Game mode
Random Map
Map size
210×210
Population
200
Speed
Normal
Resources
Standard
Victory
Conquest
Starting age
Dark Age
Ending age
Imperial Age
RankedLock teamsTeams togetherTeam positionsShared explorationLock speedFull tech treeHidden civsTurbo modeCheats
Victory
Defeat
🇸🇪 Mongols · Sweden
962
+9
🇪🇸 Gurjaras · Spain
941
+9
🇦🇹 Saracens · Austria
917
+10
🇪🇸 Huns · Spain
829
-11
🇪🇸 Persians · Spain
787
-9
🇪🇸 Bulgarians · Spain
751
-8
ska_18
3:24 Loom
15:14 Feudal Age
21:26 Castle Age
19:25 Double-Bit Axe
19:20 Horse Collar
20:02 Fishing Lines
20:15 Gold Mining
23:51 Wheelbarrow
23:02 Town Watch
23:30 Bow Saw
24:05 Gillnets
25:19 Gold Shaft Mining
24:37 Stone Mining
24:52 Heavy Plow
26:49 Fletching
27:10 Forging
27:06 Scale Barding Armor
31:05 Iron Casting
30:50 Chain Barding Armor
30:52 Hand Cart
36:54 Imperial Age
34:46 Bodkin Arrow
36:56 Treadmill Crane
37:11 Murder Holes
37:27 Masonry
37:39 Sanctity
37:30 Fervor
38:49 Chemistry
38:00 Masonry
38:15 Conscription
38:06 Bimaristan
40:12 Plate Barding Armor
39:39 Husbandry
39:00 Light Cavalry
40:17 Hoardings
42:24 Coinage
42:32 Gold Shaft Mining
42:58 Two-Man Saw
Khan Asparuh
7:10 Loom
16:05 Feudal Age
19:25 Double-Bit Axe
22:47 Castle Age
24:14 Husbandry
25:33 Bloodlines
29:41 Forging
31:00 Iron Casting
36:39 Scale Barding Armor
37:31 Wheelbarrow
36:43 Town Watch
43:50 Imperial Age
psycomp3
13:46 Feudal Age
17:35 Wheelbarrow
16:48 Double-Bit Axe
18:31 Gold Mining
20:40 Town Watch
24:44 Castle Age
25:12 Bloodlines
26:05 Forging
26:01 Scale Barding Armor
26:56 Husbandry
29:09 Gold Shaft Mining
30:00 Iron Casting
30:04 Hand Cart
Grimor91
14:02 Feudal Age
14:41 Double-Bit Axe
19:19 Gold Mining
24:56 Castle Age
24:36 Forging
24:32 Scale Barding Armor
24:39 Scale Mail Armor
29:59 Squires
29:45 Gambesons
30:54 Bloodlines
30:44 Husbandry
32:40 Stone Mining
32:47 Pikeman
SaintJimmy_21
14:43 Feudal Age
15:36 Horse Collar
17:13 Double-Bit Axe
18:01 Man-at-Arms
24:12 Castle Age
23:22 Stone Mining
23:22 Gold Mining
26:15 Heavy Plow
26:29 Bow Saw
27:00 Stone Shaft Mining
29:29 Forging
29:27 Scale Barding Armor
31:29 Gambesons
31:45 Squires
31:06 Pikeman
33:51 Iron Casting
33:18 Scale Mail Armor
36:03 Kamandaran
39:01 Wheelbarrow
41:11 Imperial Age
38:46 Crossbowman
41:16 Cavalier
42:06 Bloodlines
41:57 Husbandry
jurjur.mobile
11:30 Loom
14:39 Feudal Age
18:49 Bloodlines
18:34 Fishing Lines
23:01 Castle Age
23:51 Husbandry
24:44 Wheelbarrow
24:58 Forging
38:06 Squires
37:27 Pikeman
Connection lost

Rejoining the realm…

Still unreachable

The connection could not be restored.

Session expired

The server has moved on; the page needs a fresh start.